 Dungeon Crawl Stone Soup version 0.28-a0-998-gb9e9c7b67e (webtiles) character file.

Game seed: 2915620242208983189

681 voltaire321 the Insei (level 7, -2/46 HPs)
             Began as an Octopode Transmuter on Dec 5, 2021.
             Slain by a gnoll sergeant (8 damage)
             ... on level 5 of the Dungeon.
             The game lasted 00:16:01 (6000 turns).

voltaire321 the Insei (Octopode Transmuter)         Turns: 6000, Time: 00:16:01

Health: -2/46      AC:  5    Str:  9    XL:     7   Next: 61%
Magic:  12/12      EV: 14    Int: 15    God:
Gold:   154        SH:  0    Dex: 15    Spells: 7/13 levels left

rFire   . . .      SeeInvis .   b - +1 dagger
rCold   . . .      Faith    .   (no shield)
rNeg    + . .      Spirit   .   (helmet currently unavailable)
rPois   .          Reflect  .   (no amulet)
rElec   .          Harm     .   m - +4 ring of protection
rCorr   .          Rampage  .   a - ring of positive energy
Will    .....                   (no ring)
Stlth   ++........              (no ring)
HPRegen 0.15/turn               (no ring)
MPRegen 0.13/turn               (no ring)
                                (no ring)
                                (no ring)

@: appendages (expiring)
A: tentacle spike 3, almost no armour, amphibious, 8 rings, camouflage 1,
gelatinous body 1, (nimble swimmer 1), tentacles
a: End Transformation


You were on level 5 of the Dungeon.
One of your tentacles had grown a beastly spike.
You visited 2 branches of the dungeon, and saw 7 of its levels.

You collected 154 gold pieces.

Inventory:

Hand Weapons
 b - a +1 dagger (weapon)
Missiles
 o - 2 throwing nets
 r - 13 poisoned darts (quivered)
Magical Staves
 d - a staff of conjuration
Jewellery
 a - a ring of positive energy (right tentacle)
 j - an amulet of guardian spirit
 l - a ring of fire
 m - a +4 ring of protection (left tentacle)
Wands
 f - a wand of iceblast (5)
 i - a wand of flame (17)
Scrolls
 c - a scroll of enchant armour
 e - a scroll of enchant weapon
 n - a scroll of immolation {unknown}
 s - a scroll of magic mapping
Potions
 g - 2 potions of lignification
 h - a potion of cancellation {unknown}
 k - a potion of heal wounds {unknown}
 p - a potion of mutation
 q - a potion of haste {unknown}


   Skills:
 + Level 3.3 Fighting
 + Level 3.7 Dodging
 + Level 4.4 Unarmed Combat
 + Level 3.5 Spellcasting
 + Level 3.8 Transmutations
 + Level 3.3 Poison Magic


You had 7 spell levels left.
You knew the following spells:

 Your Spells              Type           Power      Damage    Failure   Level
a - Beastly Appendage     Tmut           28%        N/A       4%          1
b - Wereblood             Tmut           14%        N/A       6%          2
c - Spider Form           Tmut/Pois      13%        N/A       13%         3

Your spell library contained the following spells:

 Spells                   Type           Power      Damage    Failure   Level
 Ice Form                 Ice/Tmut       8%         N/A       65%         4
 Fireball                 Conj/Fire      1%         3d3       99%         5
 Starburst                Conj/Fire      1%         6d3       100%        6
 Ignition                 Fire           1%         3d3       100%        8


Dungeon Overview and Level Annotations

Branches:
Dungeon (6/15)             Temple (1/1) D:5

Altars:
Elyvilon
Gozag
Kikubaaqudgha
Makhleb
Nemelex Xobeh
Okawaru
Qazlal
Ru
Sif Muna
Trog
Uskayaw
Vehumet
Xom
Yredelemnul
Zin
The Shining One

Annotations:
D:3 1 runed translucent door, Crazy Yiuf
D:4 2 runed translucent doors, scottley's ghost, amateur DrBe
D:5 2 transporters, Dvallin's ghost, amateur KoDe


Innate Abilities, Weirdness & Mutations

One of your tentacles has grown a beastly spike.
You cannot wear most types of armour.
You are amphibious.
You can wear up to eight rings at the same time.
Your skin changes colour to match your surroundings (Stealth+).
Your rubbery body absorbs attacks. (AC +1, EV +1)
((You are camouflaged near water. (Stealth+)))
You have tentacles for arms and can constrict up to eight enemies at once.


Message History

Level annotation: 2 transporters, Dvallin's ghost, amateur KoDe
There is a stone staircase leading down, spattered with blood here.
The gnoll sergeant closely misses you.
The gnoll sergeant hits you with a +0 trident!
There is a stone staircase leading down, spattered with blood here.
You hit the gnoll sergeant but do no damage.
You grab the gnoll sergeant.
You constrict the gnoll sergeant, but do no damage.
The gnoll sergeant misses you.
You barely miss the gnoll sergeant.
You squeeze the gnoll sergeant, but do no damage.
You constrict the gnoll sergeant, but do no damage.
The gnoll sergeant hits you with a +0 trident!
You hit the gnoll sergeant but do no damage.
You pierce the gnoll sergeant.
The gnoll sergeant is moderately wounded.
You constrict the gnoll sergeant, but do no damage.
The gnoll sergeant hits you with a +0 trident!
You hit the gnoll sergeant but do no damage.
You pierce the gnoll sergeant.
The gnoll sergeant is moderately wounded.
You constrict the gnoll sergeant. The gnoll sergeant closely misses you.
You hit the gnoll sergeant but do no damage.
You squeeze the gnoll sergeant, but do no damage.
The gnoll sergeant is heavily wounded.
You constrict the gnoll sergeant.
The gnoll sergeant hits you with a +0 trident.
* * * LOW HITPOINT WARNING * * *
You hit the gnoll sergeant but do no damage.
The gnoll sergeant is heavily wounded.
Your transformation is almost over.
You constrict the gnoll sergeant.
The gnoll sergeant hits you with a +0 trident!
* * * LOW HITPOINT WARNING * * *
You hit the gnoll sergeant but do no damage.
You squeeze the gnoll sergeant.
The gnoll sergeant is severely wounded.
You constrict the gnoll sergeant, but do no damage.
The gnoll sergeant hits you with a +0 trident!
You die...

######## ##......##
##........##
#......g...#
#...(..@...#
#.....)....#
#..........#
##########..........#
#.......###........##
#.......###........##
#........#..........#
#........#..>.).....###
#
#.....................#
#


You could see a gnoll sergeant.

Vanquished Creatures
  Edmund (D:5)
  An ogre (D:5)
  A necrophage (D:5)
  A howler monkey (D:4)
  A hound (D:5)
  A centaur skeleton (D:4)
  Jessica (D:2)
  Natasha (D:3)
  A hound zombie (D:5)
  A hound skeleton (D:5)
  5 gnolls (D:5)
  5 adders
  3 white imps (D:5)
  An ufetubus (D:5)
  An adder skeleton (D:4)
  2 worms
  2 dart slugs
  4 orcs
  12 ball pythons
  7 endoplasms
  7 giant cockroaches
  6 hobgoblins
  A jackal (D:3)
  6 kobolds
  8 quokkas
  4 bats
  3 frilled lizards
  8 goblins
  5 rats
100 creatures vanquished.

Vanquished Creatures (others)
  5 fungi (D:3)
5 creatures vanquished.

Grand Total: 105 creatures vanquished

Notes
Turn   | Place    | Note
-------+----------+-------------------------------------------
     0 | D:1      | voltaire321 the Octopode Transmuter began the quest for the
                  | Orb.
     0 | D:1      | Reached XP level 1. HP: 13/13 MP: 3/3
   106 | D:1      | Reached XP level 2. HP: 1/18 MP: 3/5
   846 | D:1      | Reached XP level 3. HP: 20/23 MP: 6/6
   895 | D:1      | Found a faded altar of an unknown god.
  1029 | D:1      | Learned a level 2 spell: Wereblood
  1033 | D:1      | Learned a level 3 spell: Spider Form
  1435 | D:2      | Noticed Jessica
  1452 | D:2      | Killed Jessica
  1453 | D:2      | Reached XP level 4. HP: 23/29 MP: 5/7
  1585 | D:2      | Reached skill level 1 in Poison Magic
  2467 | D:3      | Found a burning altar of Makhleb.
  2886 | D:3      | Reached XP level 5. HP: 29/34 MP: 6/8
  3305 | D:3      | Noticed Natasha
  3312 | D:3      | Killed Natasha
  3478 | D:3      | Found a runed translucent door.
  3479 | D:3      | Noticed Crazy Yiuf
  3523 | D:3      | Noticed a black bear
  4047 | D:4      | Found a runed translucent door.
  4047 | D:4      | Noticed scottley's ghost (amateur DrBe)
  4177 | D:4      | Reached XP level 6. HP: 40/41 MP: 8/10
  4235 | D:4      | Found a runed translucent door.
  4494 | D:5      | Entered Level 5 of the Dungeon
  4571 | D:5      | Found a staircase to the Ecumenical Temple.
  4574 | D:5      | Noticed Edmund
  4855 | D:5      | Found a transporter.
  4857 | D:5      | Noticed Dvallin's ghost (amateur KoDe)
  4860 | D:5      | Found a transporter.
  5216 | D:5      | Killed Edmund
  5217 | D:5      | Reached skill level 4 in Unarmed Combat
  5217 | D:5      | Reached XP level 7. HP: 46/46 MP: 11/11
  5325 | Temple   | Entered the Ecumenical Temple
  6000 | D:5      | Slain by a gnoll sergeant

Illustrated notes

Levels and vault maps discovered:
D:1:      ncdulo_watergridlock, layout_loops_cross,
          chequers_ecumenical_altar_twisty, fountainhead,
          hangedman_decor_clover_reticule
D:2:      minmay_evil_eye, layout_loops_ring, kennysheep_jessica_study
D:3:      layout_basic, mainiacjoe_overflow_chevrons,
          kennysheep_generic_room_11, uniq_crazy_yiuf_cottage, uniq_jessica,
          uniq_natasha
D:4:      layout_loops_ring, ebering_ghost_sewer_f, nrook_mini_backslash,
          kennysheep_another_room
D:5:      layout_rooms, minmay_temple_entry_drinking_statues,
          gammafunk_ghost_mausoleum, uniq_edmund
D:6:      layout_layer_cave, fedhas_ov_isle_minmay, kennysheep_little_box,
          serial_bayou_pond_c, minmay_misc_feat_x, hex_medium, sigmund_army,
          uniq_sigmund, uniq_duvessa, uniq_blork_the_orc
Temple:   eino_temple_scatter_basement

Skill      XL: |  1  2  3  4  5  6  7 |
---------------+----------------------+-----
Poison Magic   | 1 2 3 |  3.3
Fighting       | 2 3 |  3.3
Transmutations | 3 |  3.8
Dodging        | 3 |  3.7
Spellcasting   | 3 |  3.5
Unarmed Combat | 4 |  4.4

Action                   |  1- 3 |  4- 6 |  7- 9 || total
-------------------------+-------+-------+-------++-------
Melee: Unarmed           |    29 |       |       ||    29
       Constrict         |    21 |    51 |     6 ||    78
       Kick              |    20 |    59 |    10 ||    89
       Tentacles         |     7 |    41 |     8 ||    56
       Dagger            |    43 |   188 |    32 ||   263
       Punch             |     1 |     4 |     1 ||     6
Throw: Dart              |       |       |     7 ||     7
 Cast: Beastly Appendage |    19 |    33 |     6 ||    58
  Use: Scroll            |       |    11 |       ||    11
       Potion            |       |     1 |       ||     1
 Stab: Sleeping          |     1 |    10 |       ||    11
Armor: Skin              |     6 |    28 |     3 ||    37
Dodge: Dodged            |    44 |   116 |    19 ||   179

Table legend: (Time is in decaauts)
 A = Elapsed time spent in this place.
 B = Non-inter-level travel time spent in this place.
 C = Inter-level travel time spent in this place.
 D = Time resting spent in this place.
 E = Time spent auto-exploring this place.
 F = Levels seen in this place.
 G = Mean time per level.
                   A        B        C        D        E       F      G
               +--------+--------+--------+--------+--------+-----+--------+
         Total |   5998 |   5815 |    183 |   1730 |   2727 |   7 |  856.9 |
       Dungeon |   5860 |   5677 |    183 |   1730 |   2623 |   6 |  976.7 |
        Temple |    137 |    137 |      0 |      0 |    104 |   1 |  137.0 |
               +--------+--------+--------+--------+--------+-----+--------+

Top non-repeatable levels by time:
     D:1: 1297 daAuts
     D:2: 1167 daAuts
     D:3: 1152 daAuts
     D:4: 1101 daAuts
     D:5: 1096 daAuts
  Temple: 137 daAuts
     D:6: 45 daAuts
